 Dungeon Crawl Stone Soup version 0.29-a0-322-g68df515428 (webtiles) character file.

Game seed: 6851078302967320240

6650 quinnr the Zephyrmancer (level 11, -1/63 HPs)
             Began as a Tengu Air Elementalist on Apr 8, 2022.
             Was a Believer of Vehumet.
             Slain by a cane toad (22 damage)
             ... on level 1 of the Lair of Beasts.
             The game lasted 00:24:14 (12276 turns).

quinnr the Zephyrmancer (Tengu Air Elementalist)   Turns: 12276, Time: 00:24:15

Health: -1/63      AC:  4    Str:  8    XL:     11   Next: 2%
Magic:  1/19       EV: 17    Int: 20    God:    Vehumet [**....]
Gold:   540        SH:  0    Dex: 15    Spells: 8/20 levels left

rFire   + . .      SeeInvis .   f - +5 hand axe of Exquisite Death {freeze, Fragile rElec rF+}
rCold   . . .      Faith    +   (no shield)
rNeg    . . .      Spirit   .   j - +1 leather armour {rPois}
rPois   +          Reflect  .   (helmet restricted)
rElec   +          Harm     .   (no cloak)
rCorr   +          Rampage  .   (no gloves)
Will    .....                   (boots unavailable)
Stlth   +++.......              w - amulet of faith
HPRegen 0.20/turn               d - ring of resist corrosion
MPRegen 0.16/turn               (no ring)

@: flying quickly and evasively, quick
A: beak, talons 3, nimble flight
a: Renounce Religion


You were on level 1 of the Lair of Beasts.
You worshipped Vehumet.
Vehumet was pleased with you.
You visited 3 branches of the dungeon, and saw 10 of its levels.
You also visited: Sewer.

You collected 540 gold pieces.

Inventory:

Hand Weapons
 f - the +5 hand axe of Exquisite Death (weapon) {freeze, Fragile rElec rF+}
   (You found it in a sewer)

   It freezes those it strikes, dealing additional cold damage.
   It can also slow down cold-blooded creatures.
   rF:        It protects you from fire.
   rElec:     It insulates you from electricity.
   Fragile:   It will be destroyed if unequipped.
Missiles
 r - a throwing net
Armour
 a - a +0 robe
 j - a +1 leather armour of poison resistance (worn)
Jewellery
 d - a ring of resist corrosion (left hand)
 w - an amulet of faith (around neck)
Scrolls
 e - 2 scrolls of blinking
 g - 2 scrolls of amnesia
 h - a scroll of noise
 i - 2 scrolls of enchant weapon
 n - a scroll of brand weapon
 q - 2 scrolls of fog
Potions
 b - a potion of magic
 c - 2 potions of brilliance
 k - 3 potions of lignification {unknown}
 l - a potion of cancellation {unknown}
 m - 2 potions of haste {unknown}
 o - 2 potions of attraction {unknown}
 p - 2 potions of heal wounds {unknown}
 s - a potion of flight {unknown}
 t - 2 potions of mutation
 u - 4 potions of curing
 v - 2 potions of berserk rage {unknown}
 z - a potion of degeneration {unknown}
 A - a potion of ambrosia


   Skills:
 - Level 5.0 Fighting
 - Level 2.0 Armour
 + Level 6.3 Dodging
 - Level 5.0 Stealth
 - Level 5.0 Spellcasting
 - Level 1.3 Conjurations
 + Level 14.6 Air Magic
 - Level 5.0 Poison Magic
 - Level 4.0 Evocations


You had 8 spell levels left.
You knew the following spells:

 Your Spells              Type           Power      Damage    Failure   Level
a - Shock                 Conj/Air       100%       1d9       1%          1
b - Static Discharge      Conj/Air       37%        N/A       1%          2
c - Airstrike             Air            29%        N/A       1%          4
d - Poisonous Vapours     Pois/Air       88%        N/A       1%          2
e - Mephitic Cloud        Conj/Pois/Air  33%        N/A       2%          3

Your spell library contained the following spells:

 Spells                   Type           Power      Damage    Failure   Level
 Swiftness                Air            59%        N/A       1%          3
 Sting                    Tmut/Pois      60%        1d6       6%          1
 Animate Skeleton         Necr           10%        N/A       16%         1
 Pain                     Necr           20%        1d5       16%         1
 Olgreb's Toxic Radiance  Pois           25%        N/A       21%         4
 Ignite Poison            Fire/Tmut/Pois 11%        N/A       26%         3
 Conjure Flame            Conj/Fire      7%         6-21      36%         3
 Call Canine Familiar     Summ           5%         N/A       43%         3
 Portal Projectile        Hex/Tloc       10%        N/A       43%         3
 Vampiric Draining        Necr           5%         2d6       43%         3
 Sticky Flame             Conj/Fire      7%         2d3       77%         4
 Leda's Liquefaction      Hex/Erth       2%         N/A       85%         4


Dungeon Overview and Level Annotations

Branches:
Dungeon (8/15)             Temple (1/1) D:4            Lair (1/6) D:8
  Sewer (visited)

Altars:
Ashenzari
Elyvilon
Fedhas
Gozag
Hepliaklqana
Qazlal
Ru
Sif Muna
Uskayaw
Vehumet
Wu Jian
Yredelemnul


Innate Abilities, Weirdness & Mutations

You have a beak for a mouth.
You have claws for feet.
Your magical nature lets you fly swiftly and evasively.


Message History

Confirm with . or Enter, or press ? or * to list all spells.
You don't have enough magic to cast this spell.
Unknown command.
Unknown command.
Aiming: Iceblast
Press: ? - help, Shift-Dir - straight line, p - komodo dragon The mass of ice explodes!
The iceblast engulfs the komodo dragon!
You kill the komodo dragon!
Vehumet accepts your kill.
You feel your power returning.
You hear the thunderous beating of a drum nearby.
You hear the brisk rumble of a distant avalanche of rocks.
You hear a loud, deep croak!
You have reached level 11!
A cane toad comes into view.
The zap hits the cane toad.
The cane toad is lightly wounded.
The cane toad croaks.
The zap hits the cane toad!
The cane toad is moderately wounded.
The zap hits the cane toad but does no damage.
The cane toad is moderately wounded.
You are too depleted to draw on your mana recklessly!
Unknown command.
Aiming: Iceblast
Press: ? - help, Shift-Dir - straight line, f/p - cane toad
Aim: a cane toad (moderately wounded)
The mass of ice explodes!
The iceblast engulfs the cane toad!
The cane toad is heavily wounded.
Unknown command.
Aiming: Iceblast
Press: ? - help, Shift-Dir - straight line, f/p - cane toad
Aim: a cane toad (heavily wounded)
The mass of ice explodes!
The iceblast engulfs the cane toad!
The cane toad is severely wounded.
The now-empty wand crumbles to dust.
Unknown command.
The cane toad stings you!! The cane toad attacks as you move away!
The cane toad stings you!!
You die...

..# ...# #..... . .## #...##
#...# ##. ..#
#.#...###.8.###.. .##
###.......#....#... .######
####..................
..##..##
#P.......#..........##
#......#
#.........#.........#
##.....#
#....F......##...###..
##.....## #....@.......#.8.#
.#
#.......####..............#+#
.#
.........P#....†............#
##
......................###.###
...†................#.# ###
.........###.......####
..........##P....###
..........########
.....[....# #


You could see a cane toad.

Vanquished Creatures
  A cane toad (Lair:1)
  3 komodo dragons (Lair:1)
  Psyche (D:8)
  A wyvern (D:7)
  2 basilisks (D:8)
  6 yaks (Lair:1)
  Eustachio (D:5)
  A steam dragon (D:6)
  Menkaure (D:6)
  5 water moccasins
  3 ice beasts
  A sky beast (D:8)
  4 black bears
  2 wolves (D:8)
  An ogre (D:4)
  A centaur (D:6)
  A phantom (D:5)
  A gnoll sergeant (D:7)
  A necrophage (D:4)
  7 bullfrogs
  Blork the orc (D:6)
  4 scorpions
  9 wights
  6 killer bees (D:8)
  A hound (D:6)
  A gnoll shaman (D:8)
  2 orc priests
  2 iguanas
  2 orc wizards
  7 gnolls
  10 adders
  A white imp (D:6)
  4 worms
  3 dart slugs
  6 orcs
  16 ball pythons
  6 bats
  5 endoplasms
  8 giant cockroaches
  6 goblins
  6 hobgoblins
  3 quokkas
  11 frilled lizards
  10 kobolds
  2 rats
176 creatures vanquished.

Vanquished Creatures (others)
  7 fungi
  14 plants (D:8)
21 creatures vanquished.

Grand Total: 197 creatures vanquished

Notes
Turn   | Place    | Note
-------+----------+-------------------------------------------
     0 | D:1      | quinnr the Tengu Air Elementalist began the quest for the
                  | Orb.
     0 | D:1      | Reached XP level 1. HP: 10/10 MP: 4/4
   164 | D:1      | Reached XP level 2. HP: 15/15 MP: 4/6
   296 | D:1      | Reached skill level 5 in Air Magic
   577 | D:1      | Reached XP level 3. HP: 19/19 MP: 2/7
   800 | D:1      | Found a faded altar of an unknown god.
  1103 | D:2      | Reached skill level 6 in Air Magic
  1376 | D:2      | Reached XP level 4. HP: 24/24 MP: 3/8
  1507 | D:2      | Learned a level 2 spell: Static Discharge
  1512 | D:2      | Learned a level 4 spell: Airstrike
  2141 | D:3      | Found a glowing drain.
  2151 | Sewer    | Entered a sewer
  2483 | Sewer    | Reached skill level 7 in Air Magic
  2673 | Sewer    | Noticed a bullfrog
  2678 | Sewer    | Killed a bullfrog
  2679 | Sewer    | Reached skill level 8 in Air Magic
  2679 | Sewer    | Gained mutation: Your magical nature lets you fly swiftly
                  | and evasively. [Tengu growth]
  2679 | Sewer    | Reached XP level 5. HP: 15/28 MP: 0/9
  2845 | Sewer    | Identified the +5 hand axe of Exquisite Death {freeze,
                  | Fragile rElec rF+}
  4018 | D:4      | Reached skill level 1 in Armour
  4018 | D:4      | Reached XP level 6. HP: 32/32 MP: 4/10
  4170 | D:4      | Found a hazy altar of Hepliaklqana.
  4190 | D:4      | Identified the +4 ring mail of Miracles {rN+}
  4786 | D:4      | Found a staircase to the Ecumenical Temple.
  4796 | Temple   | Entered the Ecumenical Temple
  4934 | Temple   | Became a worshipper of Vehumet
  5203 | D:4      | Reached skill level 9 in Air Magic
  5203 | D:4      | Reached XP level 7. HP: 31/36 MP: 1/11
  5336 | D:5      | Entered Level 5 of the Dungeon
  5660 | D:5      | Noticed Eustachio
  5677 | D:5      | Killed Eustachio
  5832 | D:5      | Reached skill level 10 in Air Magic
  6289 | D:5      | Reached skill level 11 in Air Magic
  6289 | D:5      | Reached XP level 8. HP: 41/41 MP: 4/12
  6916 | D:6      | Noticed Menkaure
  6922 | D:6      | Killed Menkaure
  7020 | D:6      | Reached skill level 12 in Air Magic
  7179 | D:6      | Noticed Blork the orc
  7200 | D:6      | Killed Blork the orc
  7482 | D:6      | Reached skill level 13 in Air Magic
  7950 | D:6      | Reached XP level 9. HP: 45/45 MP: 4/13
  8060 | D:6      | Reached skill level 14 in Air Magic
  8229 | D:6      | Reached skill level 1 in Fighting
  8683 | D:7      | Reached * piety under Vehumet
  8683 | D:7      | Offered knowledge of Freeze by Vehumet.
  9080 | D:7      | Learned a level 2 spell: Poisonous Vapours
  9840 | D:7      | Reached skill level 1 in Evocations
  9842 | D:7      | Reached skill level 5 in Dodging
  9842 | D:7      | Reached skill level 1 in Poison Magic
 10692 | D:8      | Reached XP level 10. HP: 53/56 MP: 2/16
 11015 | D:8      | Reached ** piety under Vehumet
 11015 | D:8      | Offered knowledge of Searing Ray by Vehumet.
 11120 | D:8      | Found a staircase to the Lair.
 11234 | D:8      | Reached skill level 5 in Stealth
 11353 | D:8      | Noticed Psyche
 11355 | D:8      | Killed Psyche
 11888 | Lair:1   | Entered Level 1 of the Lair of Beasts
 11976 | Lair:1   | Noticed a cane toad
 11988 | Lair:1   | Killed a cane toad
 12089 | Lair:1   | Reached skill level 5 in Fighting
 12089 | Lair:1   | Reached skill level 5 in Spellcasting
 12102 | Lair:1   | Reached skill level 5 in Poison Magic
 12109 | Lair:1   | Offered knowledge of Mephitic Cloud by Vehumet.
 12114 | Lair:1   | Learned a level 3 spell: Mephitic Cloud
 12267 | Lair:1   | Reached XP level 11. HP: 40/63 MP: 3/19
 12276 | Lair:1   | Slain by a cane toad

Illustrated notes

Levels and vault maps discovered:
D:1:      sevenhm_arrival_forest_fort_large_2, layout_rooms,
          nicolae_ecumenical_lake_church
D:2:      minmay_angry_zag, layout_loops_ring
D:3:      layout_basic, cheibrodos_sewer_entry_sluice
D:4:      layout_basic, amcnicky_altar_gilded, minmay_temple_entry_antechambers
D:5:      layout_basic, uniq_eustachio
D:6:      layout_loops_ring, uniq_menkaure, uniq_blork_the_orc
D:7:      layout_loops_ring
D:8:      layout_basic, minmay_lair_entry_grove, uniq_psyche
Temple:   roderic_octagonal_lattice_temple
Lair:1:   layout_cave_pods, enter_volcano_3, gauntlet_entry_generic,
          grunt_megastairs_5

Skill      XL: |  1  2  3  4  5  6  7  8  9 10 |
---------------+-------------------------------+-----
Air Magic      | 5 6 8 9 11 13 14 | 14.6
Armour         | 1 2 |  2.0
Dodging        | 3 4 5 6 |  6.3
Fighting       | 3 5 |  5.0
Stealth        | 4 5 |  5.0
Spellcasting   | 3 5 |  5.0
Evocations     | 2 4 |  4.0
Poison Magic   | 2 5 |  5.0
Conjurations   | |  1.3

Action                   |  1- 3 |  4- 6 |  7- 9 | 10-12 || total
-------------------------+-------+-------+-------+-------++-------
Melee: Unarmed           |     3 |     3 |       |       ||     6
       Kick              |       |     1 |     2 |       ||     3
       Peck              |       |     1 |       |       ||     1
       Hand axe          |       |     1 |     2 |     1 ||     4
 Cast: Shock             |    66 |   135 |   186 |    70 ||   457
       Static Discharge  |       |     2 |    10 |     9 ||    21
       Airstrike         |       |     5 |    26 |    25 ||    56
Evoke: Wand              |       |       |     1 |     7 ||     8
  Use: Scroll            |     1 |     6 |     6 |     3 ||    16
Armor: Robe              |     2 |     1 |       |       ||     3
       Leather armour    |       |     4 |     8 |     3 ||    15
Dodge: Dodged            |    11 |    20 |    58 |    24 ||   113

Table legend: (Time is in decaauts)
 A = Elapsed time spent in this place.
 B = Non-inter-level travel time spent in this place.
 C = Inter-level travel time spent in this place.
 D = Time resting spent in this place.
 E = Time spent auto-exploring this place.
 F = Levels seen in this place.
 G = Mean time per level.
                   A        B        C        D        E       F      G
               +--------+--------+--------+--------+--------+-----+--------+
         Total |  11839 |  11468 |    371 |   1934 |   7883 |  11 | 1076.3 |
       Dungeon |  10628 |  10278 |    350 |   1735 |   7312 |   8 | 1328.5 |
        Temple |    146 |    125 |     21 |      0 |    109 |   1 |  146.0 |
          Lair |    325 |    325 |      0 |     58 |      0 |   1 |  325.0 |
         Sewer |    738 |    738 |      0 |    141 |    460 |   1 |  738.0 |
               +--------+--------+--------+--------+--------+-----+--------+

Top non-repeatable levels by time:
     D:5: 1673 daAuts
     D:7: 1638 daAuts
     D:6: 1528 daAuts
     D:8: 1463 daAuts
     D:4: 1323 daAuts
     D:2: 1148 daAuts
     D:3: 1001 daAuts
     D:1: 852 daAuts
   Sewer: 738 daAuts
  Lair:1: 325 daAuts
  Temple: 146 daAuts
